 Dungeon Crawl Stone Soup version 0.27.0-1-g7a08968 (webtiles) character file.

Game seed: 15838021948073472660

111 BALLS the Magician (level 4, -2/30 HPs)
             Began as a Mummy Conjurer on Jan 24, 2022.
             Killed by divine providence
             ... invoked by an orc priest
              (7 damage)
             ... on level 6 of the Dungeon.
             The game lasted 00:04:31 (2844 turns).

BALLS the Magician (Mummy Conjurer)                 Turns: 2844, Time: 00:04:32

Health: -2/30      AC:  3    Str: 10    XL:     4   Next: 62%
Magic:  12/12      EV: 11    Int: 18    God:
Gold:   182        SH:  0    Dex: 10    Spells: 1/15 levels left

rFire    x . .     SeeInvis .   h - +4 dagger
rCold    + . .     Faith    .   (no shield)
rNeg     + + +     Spirit   .   a - +0 robe
rPois    ∞         Reflect  .   (no helmet)
rElec    .         Harm     .   (no cloak)
rCorr    .         Rampage  .   f - +0 pair of gloves
Will     .....                  (no boots)
Stlth    ++........             (no amulet)
HPRegen  0.10/turn              (no ring)
MPRegen  0.13/turn              (no ring)

@: no status effects
A: cold resistance 1, negative energy resistance 3, torment resistance 2, heat
vulnerability 1, no potions
a: no special abilities


You were on level 6 of the Dungeon.
You visited 1 branch of the dungeon, and saw 4 of its levels.

You collected 182 gold pieces.

Inventory:

Hand Weapons
 h - a +4 dagger (weapon)
Missiles
 g - a throwing net
Armour
 a - a +0 robe (worn)
 f - a +0 pair of gloves (worn)
Scrolls
 b - 2 scrolls of identify {unknown}
 c - a scroll of amnesia {unknown}
 d - a scroll of magic mapping {unknown}
 e - 2 scrolls of fog {unknown}
 i - 3 scrolls of immolation {unknown}
 j - a scroll of fear {unknown}


   Skills:
 - Level 1.5 Dodging
 - Level 1.5 Stealth
 + Level 6.1 Spellcasting
 - Level 3.2 Conjurations


You had one spell level left.
You knew the following spells:

 Your Spells              Type           Power      Damage    Failure   Level
a - Magic Dart            Conj           68%        1d6       3%          1
b - Searing Ray           Conj           34%        3d4       4%          2
c - Dazzling Flash        Conj/Hex       22%        N/A       19%         3
d - Fulminant Prism       Conj/Hex       5%         3d7       52%         4
e - Iskenderun's Mystic   Conj/Tloc      11%        2d4       52%         4

Your spell library contained the following spells:

 Spells                   Type           Power      Damage    Failure   Level
 Sandblast                Erth           10%        2d5       12%         1
 Passwall                 Tmut/Erth      4%         N/A       19%         2
 Animate Dead             Necr           2%         N/A       75%         4
 Borgnjor's Vile Clutch   Necr/Erth      2%         N/A       97%         5
 Lee's Rapid Deconstruct  Erth           2%         3d6*      97%         5
 Death Channel            Necr           2%         N/A       100%        6


Dungeon Overview and Level Annotations

Branches:
Dungeon (3/15)

Altars:


Innate Abilities, Weirdness & Mutations

You are immune to poison.
Your flesh is cold resistant. (rC+)
You are immune to negative energy. (rN+++)
You are immune to unholy pain and torment.
You are vulnerable to heat. (rF-)
You do not drink.


Message History

The bat is severely wounded.
Casting: Magic Dart (safe; 3% risk of failure)
Confirm with . or Enter, or press ? or * to list all spells.
Aiming: Magic Dart (safe; 3% risk of failure)
Press: ? - help, Shift-Dir - straight line, f/p - bat
Aim: a bat (severely wounded, 100% to hit)
The magic dart hits the bat.
You kill the bat!
Found 20 stones.
You now have 156 gold pieces (gained 12).
You now have 174 gold pieces (gained 18).
You now have 182 gold pieces (gained 8).
j - a scroll labelled YNIAJO UWIC As you open the door, it creaks loudly!
A bat comes into view.
You fall into a shaft and drop 3 floors!
The shaft crumbles and collapses.
An orc warrior comes into view. It is wielding a +0 glaive.
The orc warrior shouts!
A jelly comes into view.
The jelly quivers.
You hear a shout!
You hear an angry hiss.
Found 13 gold pieces.
An orc priest, an orc wizard and a skeleton come into view.
A centaur comes into view.
The orc priest shouts!
The orc wizard shouts!
The centaur wields a +0 shortbow.
The centaur shoots an arrow.
The arrow hits you.
Found 18 stones.
The centaur shoots an arrow.
The arrow hits you!
You open the door.
An ogre comes into view. It is wielding a +0 giant club.
The ogre shouts!
The jelly hits you.
You are splashed with acid!
* * * LOW HITPOINT WARNING * * *
Found a glowing ring mail.
An iguana comes into view.
The orc priest calls down the wrath of Beogh upon you.
Beogh smites you!
You die...

............
...........
..........
########.#.......
......o.o........
........#oc......
........#..##+###
.......o##J#
...$....##@#
..Z............#
...####l.......#
... #O.......# ..
#........#
#......#+#
.[.....#
.#.####.#


You could see an orc warrior, an ogre, a centaur, an iguana (wandering), a jelly
and an orc priest.

Vanquished Creatures
  2 adders (D:2)
  4 gnolls (D:2)
  2 dart slugs (D:1)
  5 ball pythons
  4 endoplasms
  4 giant cockroaches (D:1)
  2 hobgoblins
  2 jackals (D:1)
  7 bats
  A frilled lizard (D:3)
  9 goblins
  7 kobolds
  3 rats
52 creatures vanquished.

Notes
Turn   | Place    | Note
-------+----------+-------------------------------------------
     0 | D:1      | BALLS the Mummy Conjurer began the quest for the Orb.
     0 | D:1      | Reached XP level 1. HP: 13/13 MP: 4/4
    81 | D:1      | Reached skill level 3 in Spellcasting
   227 | D:1      | Reached XP level 2. HP: 19/19 MP: 1/6
   230 | D:1      | Learned a level 2 spell: Searing Ray
   564 | D:1      | Reached skill level 4 in Spellcasting
   820 | D:1      | Found a faded altar of an unknown god.
  1042 | D:1      | Reached XP level 3. HP: 24/24 MP: 4/8
  1675 | D:2      | Reached skill level 5 in Spellcasting
  1678 | D:2      | Reached XP level 4. HP: 30/30 MP: 2/11
  2037 | D:2      | Learned a level 3 spell: Dazzling Flash
  2042 | D:2      | Learned a level 4 spell: Fulminant Prism
  2047 | D:2      | Learned a level 4 spell: Iskenderun's Mystic Blast
  2481 | D:3      | Reached skill level 6 in Spellcasting
  2838 | D:3      | You fall into a shaft and drop 3 floors!
  2838 | D:6      | Noticed an orc warrior
  2839 | D:6      | Noticed a centaur
  2843 | D:6      | Noticed an ogre
  2844 | D:6      | Killed from afar by an orc priest

Illustrated notes

Levels and vault maps discovered:
D:1:      amcnicky_arrival_underground_garden, layout_loops_ring,
          hellmonk_ecumenical_altar_pennies_from_heaven, minmay_pentomino_s2
D:2:      layout_basic
D:3:      layout_basic
D:6:      layout_basic, mainiacjoe_overflow_alcove_3, serial_shops,
          kennysheep_mini, shop_statue, shop, nicolae_shop_crystal, shop_coins,
          interstate_on_off, uniq_maggie, uniq_duvessa

Skill      XL: |  1  2  3  4 |
---------------+-------------+-----
Spellcasting   | 3 4 5 6 |  6.1
Dodging        | |  1.5
Stealth        | |  1.5
Conjurations   | |  3.2

Action                   |  1- 3 |  4- 6 || total
-------------------------+-------+-------++-------
Melee: Dagger            |     5 |     1 ||     6
 Cast: Magic Dart        |    64 |    28 ||    92
       Searing Ray       |     2 |     1 ||     3
Armor: Robe              |     1 |     1 ||     2
Dodge: Dodged            |    13 |     4 ||    17
